cohdb
Replays
Latest Replays
All Replays
Popular Replays
Top Player Replays
Match Explorer
How It Works
Community
CoH3 Stats
Reddit
Sign in to upload your games and track your stats! →
Sign in with Steam
Match 41946543
Unlisted
Match 41946543
Overview
Messages
Build Orders
End
Pioneer Squad
Construct Infanterie Kompanie
Selects Breakthrough Battlegroup
Grenadier Squad
MG 42 Machine Gun Team
Grenadier Squad
MG 42 Machine Gun Team
Infanterie Officer Quarters
Construct Luftwaffe Kompanie
Selects Assault Grenadiers
Selects Breakthrough
221 Scout Car
Jäger Squad
Medical Bunker
Flak 30 Anti-aircraft Gun Team
Selects Incendiary Bombing Run
Incendiary Bombing Run
Support Elements
Selects Rapid Production
Wirbelwind Flakpanzer
Incendiary Bombing Run
Marder III M Tank Destroyer
Incendiary Bombing Run
Selects Blitzkrieg
Selects Panzer IV Command Tank Sd.Kfz. 161/1
Panzer IV Command Tank
Incendiary Bombing Run
Construct Panzer Kompanie
MG 42 Bunker
Incendiary Bombing Run
MG 42 Bunker
Stoßtruppen Squad
Sturmpanzer IV Brummbär
Incendiary Bombing Run
سَۨفُـيٰانۨوٰس
mohamedkerdaoui
Giuà
MastroMario®
0
0
Comments
sign in to comment!
No comments posted yet!